 Dungeon Crawl Stone Soup version 0.18-a0-888-gdb73dea (webtiles) character file.

35 timbw the Chopper (level 3, 0/19 HPs)
             Began as a Vine Stalker Fighter on Dec 23, 2015.
             Was an Initiate of Ashenzari.
             Slain by an ogre
             ... wielding a +0 giant club
              (19 damage)
             ... on level 4 of the Dungeon.
             The game lasted 00:02:42 (531 turns).

timbw the Chopper (Vine Stalker Fighter)             Turns: 531, Time: 00:02:42

Health: 0/19       AC:  6    Str: 24    XL:     3   Next: 35%
Magic:  0/4        EV:  7    Int:  8    God:    Ashenzari [......]
Gold:   22         SH:  9    Dex: 13    Spells: 0 memorised, 2 levels left

rFire  . . .     SeeInvis .     a - +0 war axe
rCold  . . .     Gourm    .     b - +0 scale mail (curse)
rNeg   . . .     Faith    .     c - +0 shield
rPois  .         Spirit   +     (no helmet)
rElec  .         Dismiss  .     (no cloak)
rCorr  .         Reflect  .     (no gloves)
SustAt .         Harm     .     (no boots)
MR     .....                    (no amulet)
Stlth  ..........               (no ring)
                                (no ring)

@: mighty, not resistant to hostile enchantments, extremely unstealthy
A: fangs 2, regeneration 1, magic shield, antimagic bite, no device heal 3, rot
immunity
a: Renounce Religion


You were on level 4 of the Dungeon.
You worshipped Ashenzari.
Ashenzari was noncommittal.
You were not hungry.

You visited 2 branches of the dungeon, and saw 5 of its levels.

You collected 22 gold pieces.

Inventory:

Hand Weapons
 a - a +0 war axe (weapon)
Armour
 b - a cursed +0 scale mail (worn)
 c - a +0 shield (worn)
Scrolls
 e - 5 scrolls of identify {unknown}
 g - 2 scrolls of noise {unknown}
 h - a scroll of random uselessness {unknown}
 i - a scroll of enchant armour {unknown}
 j - a scroll of amnesia {unknown}
 k - a scroll of curse armour
 l - a scroll of curse jewellery
Comestibles
 f - 2 bread rations


   Skills:
 - Level 2.6 Fighting
 + Level 3.3 Axes
 - Level 2.4 Armour
 - Level 2.6 Shields


You had 2 spell levels left.
You didn't know any spells.

Dungeon Overview and Level Annotations

Branches:
Dungeon (4/15)             Temple (1/1) D:4

Altars:
Ashenzari
Cheibriados
Elyvilon
Fedhas
Kikubaaqudgha
Nemelex Xobeh
Pakellas
Qazlal
Sif Muna
Trog
Vehumet
Xom
Zin


Innate Abilities, Weirdness & Mutations

You have extremely sharp teeth.
Your natural rate of healing is unusually fast.
When hurt, damage is shared between your health and your magic reserves.
Your bite disrupts and absorbs the magic of your enemies.
Potions and wands cannot restore your health.
You are immune to rotting.


Message History

A quokka skeleton comes into view.
You block the quokka skeleton's attack.
You barely miss the quokka skeleton. Your bite misses the quokka skeleton.
You block the quokka skeleton's attack.
The quokka skeleton bites you but does no damage.
You hit the quokka skeleton. The quokka skeleton closely misses you.
You slash the quokka skeleton!
You destroy the quokka skeleton!
An ogre comes into view. It is wielding a giant club.
Found an escape hatch in the ceiling.
As you open the door, it creaks loudly!
Found a potion of might.
There is an open door here.
Drink which item? (? for menu, Esc to quit)
You feel very mighty all of a sudden.
You slash the ogre!
The ogre is moderately wounded.
The ogre hits you with a giant club!!
Ouch! That really hurt!
You die...

+....'.....#
#....#.....#
###..#.....#
#####..#.....#+###
+......#..........
#......#..........
#...!..#..........
#O######..........
###@# #......###+#
#...# #......#
#...# #.....<#
##### #......#


You could see an ogre.

Vanquished Creatures
  A gnoll (D:1)
  An adder (D:3)
  A ball python (D:3)
  2 bats
  A giant cockroach (D:3)
  2 kobolds
  A quokka (D:3)
  A giant gecko (D:3)
  2 giant newts (D:1)
  A goblin (D:1)
  A jackal skeleton (D:4)
  A quokka skeleton (D:4)
  2 rats
17 creatures vanquished.

Notes
Turn   | Place    | Note
--------------------------------------------------------------
     0 | D:1      | timbw the Vine Stalker Fighter began the quest for the Orb.
     0 | D:1      | Reached XP level 1. HP: 11/11 MP: 2/2
    63 | D:1      | Reached XP level 2. HP: 1/16 MP: 1/3
   134 | D:1      | You fall through a shaft!
   168 | D:3      | Reached skill level 3 in Axes
   168 | D:3      | Reached XP level 3. HP: 11/19 MP: 4/4
   431 | D:4      | Found a staircase to the Ecumenical Temple.
   437 | Temple   | Entered the Ecumenical Temple
   481 | Temple   | Became a worshipper of Ashenzari the Shackled
   513 | D:4      | Noticed an ogre
   531 | D:4      | Slain by an ogre

Vault maps used:
D:1:      dpeg_arrival_rhombi, st_stairs_1
D:2:      kennysheep_six_static_rooms, first_bread
D:3:      nicolae_overflow_hidden_temple
D:4:      temple_green, uniq_eustachio
Temple:   nicolae_temple_god_jail

Action                   || total
-------------------------++-------
Melee: War axe           ||    56
  Use: Scroll            ||     1
       Potion            ||     1
